 Dungeon Crawl Stone Soup version 0.18-a0-1390-gc02854d (webtiles) character file.

48 Oracle the Skirmisher (level 3, -13/29 HPs)
             Began as a Mummy Chaos Knight on Feb 22, 2016.
             Mangled by an ettin
             ... wielding a +0 dire flail
              (42 damage)
             ... on level 1 of the Dungeon.
             The game lasted 00:03:34 (8451 turns).

Oracle the Skirmisher (Mummy Chaos Knight)          Turns: 8451, Time: 00:03:34

Health: -13/29     AC:  5    Str: 16    XL:     3   Next: 50%
Magic:  3/3        EV: 11    Int: 11    God:    Xom [.....*]
Gold:   42         SH:  0    Dex: 11    Spells: 0 memorised, 2 levels left

rFire  x . .     SeeInvis +     h - +1 great sword "Zeirch" {chaos, SInv}
rCold  + . .     Gourm    .     b - +2 leather armour
rNeg   + + +     Faith    .     (shield currently unavailable)
rPois  ∞         Spirit   .     (no helmet)
rElec  .         Dismiss  .     (no cloak)
rCorr  .         Reflect  .     (no gloves)
SustAt .         Harm     .     (no boots)
MR     .....                    (no amulet)
Stlth  ..........               (no ring)
                                f - ring of loudness (curse)

@: not resistant to hostile enchantments, extremely unstealthy
A: no food or potions, fire vulnerability, cold resistance 1, negative energy
resistance 3, torment resistance, unbreathing
a: Renounce Religion


You were on level 1 of the Dungeon.
You worshipped Xom.
You were Xom's teddy bear.
You were not hungry.

You visited 1 branch of the dungeon, and saw 1 of its levels.

You collected 42 gold pieces.

Inventory:

Hand Weapons
 a - a +0 falchion of chaos
 h - the +1 great sword "Zeirch" (weapon) {chaos, SInv}
   (Xom gifted it to you on level 1 of the Dungeon)

   Each time it hits an enemy it has a different, random effect.
   It lets you see invisible.
Armour
 b - a +2 leather armour (worn)
Jewellery
 f - a cursed ring of loudness (left hand)
Scrolls
 c - a scroll of remove curse {unknown}
 d - 3 scrolls of identify {unknown}
 e - a scroll of noise {unknown}
Potions
 i - a potion of brilliance {unknown}
Miscellaneous
 g - a lamp of fire (inert)


   Skills:
 + Level 3.4 Fighting
 + Level 3.0 Long Blades
 + Level 1.9 Armour
 + Level 1.0 Dodging
 + Level 0.6 Stealth


You had 2 spell levels left.
You didn't know any spells.

Dungeon Overview and Level Annotations

Branches:
Dungeon (1/15)

Altars:


Innate Abilities, Weirdness & Mutations

You do not eat or drink.
Your flesh is vulnerable to fire.
You are immune to poison.
Your flesh is cold resistant.
You are immune to negative energy.
You are immune to unholy pain and torment.
You can survive without breathing.


Message History

An ettin is nearby!
An ettin is nearby!
An ettin is nearby!
An ettin is nearby!
Unknown command.
Read which item? (? for menu, Esc to quit)
Okay, then.
Unknown command.
That item cannot be evoked!
Evoke which item? (* to show all) (? for menu, Esc to quit)
Aim the lamp in which direction?
Press: ? - help, Dir - move target cursor, f - ettin
Aim: an ettin, wielding two dire flails (hasn't noticed you)
The flames dance!
The trail of fire hits the ettin.
The ettin appears unharmed.
The ettin shouts in stereo!
The ettin is engulfed in roaring flames.
The ettin hits you with a dire flail!!!
Ouch! That really hurt!
You die...
Xom is highly amused!

....############..### #...#.
............#####...#########.÷..
....#......................##..#.
...#########..######.#####....÷..
...#########..######.......#..###
...##.....##..##..##.#####...##
.####..<..'...##..##.# ##.....###
.# #.....##.§##..##.###....#....
.# ########..§E@.##.#....#####..
>###########..##C.##...#### ##.
...........[..##..##...########..
###.........⌠.##..##......#......
# #########...######............#
# #######...######..###...##### #
#................###....###
#####............##.##...##...#
............####....).)######.#


You could see an ettin and a friendly fire elemental.

Vanquished Creatures
  2 dart slugs (D:1)
  4 giant geckos (D:1)
  An orc (D:1)
  An orc (shapeshifter) (D:1)
  A ball python (D:1)
  2 bats (D:1)
  2 giant cockroaches (D:1)
  8 goblins (D:1)
  2 hobgoblins (D:1)
  4 kobolds (D:1)
  3 giant newts (D:1)
  8 rats (D:1)
38 creatures vanquished.

Notes
Turn   | Place    | Note
--------------------------------------------------------------
     0 | D:1      | Oracle the Mummy Chaos Knight began the quest for the Orb.
     0 | D:1      | Reached XP level 1. HP: 18/18 MP: 1/1
   174 | D:1      | XOM: harmless Pois miscast
   198 | D:1      | XOM: harmless Hex miscast
   567 | D:1      | XOM: potion effect (might)
   641 | D:1      | XOM is BORED!
   641 | D:1      | XOM: silly message
   657 | D:1      | XOM: harmless Pois miscast
   695 | D:1      | Reached XP level 2. HP: 24/24 MP: 2/2
   782 | D:1      | XOM: potion effect (invisibility)
   806 | D:1      | Reached skill level 1 in Dodging
   982 | D:1      | Reached XP level 3. HP: 20/29 MP: 3/3
  1098 | D:1      | XOM: harmless Ice miscast
  1123 | D:1      | XOM: harmless Divn miscast
  1200 | D:1      | XOM: silly message
  1444 | D:1      | XOM: harmless Conj miscast
  1490 | D:1      | XOM: silly message
  1879 | D:1      | XOM: harmless Divn miscast
  2046 | D:1      | XOM: silly message
  2569 | D:1      | XOM: harmless Trmt miscast
  3491 | D:1      | XOM: colour smoke trail
  3844 | D:1      | XOM: harmless Summ miscast
  4175 | D:1      | XOM: harmless Necr miscast
  4557 | D:1      | XOM: summons 1 hostile demon
  4769 | D:1      | XOM: 2-stop teleportation journey
  4830 | D:1      | XOM: scenery: 1 doors open
  4957 | D:1      | XOM: vitrification
  5113 | D:1      | XOM: god gift: lamp of fire
  6618 | D:1      | XOM: scenery: 1 doors open
  6840 | D:1      | XOM: god gift: twisted great sword {god gift}
  6841 | D:1      | Got a twisted great sword {god gift}
  6945 | D:1      | Identified the +1 great sword "Zeirch" {chaos, SInv} (Xom gifted it to you on level 1 of the Dungeon)
  7718 | D:1      | XOM: vitrification
  8104 | D:1      | XOM: vitrification
  8110 | D:1      | XOM: god gift: bubbling silvery potion
  8449 | D:1      | Noticed an ettin
  8451 | D:1      | Mangled by an ettin

Vault maps used:
D:1:      dpeg_arrival_rooms_a

Skill      XL: |  1  2  3 |
---------------+----------+-----
Dodging        | 1 |  1.0
Long Blades    | 3 |  3.0
Fighting       | |  3.4
Armour         | |  1.9
Stealth        | |  0.6

Action                   || total
-------------------------++-------
Melee: Falchion          ||   110
Evoke: Lamp of fire      ||     1
 Stab: Invisible         ||     3
       Paralysed         ||     1
